Map: Interloper LE

Players

BackupC (Dolan) - Winner!

  • Race: Terran Terran
  • Spawn Location: 5:00

Mackintac

  • Race: Zerg Zerg
  • Spawn Location: 11:00

Event: WCS Montreal 2017

VOD

Have the link to the VOD?

Description

Time

  • Played on: Sept. 8, 2017, 11:51 a.m.
  • Length: 10:43

All games in this series

Show
View Real Time Build Order
Export as new Build Order

BackupC Terran - Winner!

Build Orders: Gas First Reaper Expand, Reaper Expand, Hellion Banshee 

Get SALT Encoding   

  12  0:00  SCV  
  13  0:13  SCV  
  14  0:17  Supply Depot  
  14  0:25  SCV  
  14  0:27  Refinery  
  15  0:38  SCV  
  16  0:45  Barracks  
  16  0:50  SCV  
  17  1:02  SCV  
  18  1:14  SCV  
  19  1:31  Orbital Command  
  19  1:32  Reaper  
  20  1:46  Command Center  
  20  1:57  SCV  
  20  2:00  Factory  
  21  2:05  Barracks Reactor  
  21  2:09  SCV  
  21  2:13  Supply Depot  
  22  2:18  Refinery  
  22  2:23  SCV  
  23  2:35  SCV  
  24  2:45  Starport  
  24  2:47  SCV  
  27  2:51  Hellion x2  
  27  2:57  Barracks Tech Lab  
  29  2:59  Orbital Command  
  29  3:00  SCV  
  31  3:12  SCV  
  31  3:16  Hellion  
  31  3:17  Hellion  
  35  3:25  SCV x2  
  37  3:37  Cloaking Field  
  37  3:38  Banshee  
  37  3:39  Supply Depot  
  40  3:53  SCV x2  
  46  4:00  Cyclone  
  46  4:01  Hellion  
  47  4:03  Supply Depot  
  46  4:10  Armory  
  46  4:11  Supply Depot  
  46  4:14  SCV x2  
  48  4:23  Hellion  
  49  4:32  Cyclone  
  52  4:42  Orbital Command  
  43  4:57  Banshee  
  44  5:04  Hellion  
  44  5:05  SCV  
  41  5:15  SCV  
  41  5:17  SCV  
  43  5:25  Hyperflight Rotors  
  43  5:26  Hellion  
  43  5:27  SCV  
  46  5:31  Supply Depot x2  
  46  5:35  Barracks Reactor  
  46  5:42  Supply Depot  
  46  5:52  Banshee, SCV x2  
  46  5:53  Hellion  
  53  5:57  Supply Depot  
  53  6:04  SCV x2  
  55  6:20  SCV x2  
  55  6:23  Command Center  
  55  6:24  Refinery  
  55  6:25  Refinery  
  57  6:41  Hellion  
  57  6:42  Hellion  
  57  6:44  Banshee  
  64  6:47  SCV x2  
  66  6:59  SCV x2  
  68  7:02  Factory  
  68  7:04  Factory  
  72  7:10  Cyclone  
  72  7:11  Cyclone  
  72  7:14  SCV x2  
  72  7:15  Supply Depot  
  76  7:16  Engineering Bay  
  76  7:27  Banshee  
  79  7:30  SCV x2  
  79  7:33  Supply Depot  
  79  7:35  Terran Vehicle Weapons Level 1  
  79  7:37  Orbital Command  
  81  7:42  SCV  
  81  7:43  SCV  
  83  7:47  Factory Tech Lab x2  
  83  7:54  SCV, Hellion x2  
  83  7:55  SCV  
  89  8:03  SCV  
  90  8:07  Supply Depot, SCV x2  
  92  8:14  Thor  
  92  8:16  Siege Tank  
  101  8:26  SCV x2  
  104  8:28  Hellion x2  
  104  8:31  Banshee  
  110  8:39  SCV x2  
  110  8:40  Orbital Command  
  112  8:49  Factory  
  112  8:51  Factory  
  112  8:54  SCV x2  
  114  8:56  Refinery  
  114  8:58  Refinery  
  114  9:06  SCV x2  
  114  9:07  Sensor Tower  
  116  9:18  Siege Tank  
  116  9:22  SCV x3  
  122  9:26  Supply Depot  
  116  9:32  Hellion x2  
  116  9:33  Siege Tank  
  97  9:47  Factory Tech Lab  
  97  9:48  Factory Tech Lab  
  97  9:50  Factory Reactor  
  97  9:57  Siege Tank, Banshee, Hellion x2  
  107  10:00  Supply Depot  
  107  10:05  Siege Tank  
  110  10:16  Command Center  
  114  10:21  Hellion x2  
Show
View Real Time Build Order
Export as new Build Order

Mackintac Zerg 

Build Orders: Hatch First, Ravager All-In 

Get SALT Encoding   

  12  0:01  Drone  
  13  0:13  Overlord  
  13  0:17  Drone  
  14  0:31  Drone x2  
  14  0:35  Drone  
  17  0:53  Hatchery  
  17  0:56  Drone  
  17  0:59  Extractor  
  16  1:12  Spawning Pool  
  16  1:15  Drone  
  16  1:19  Drone  
  17  1:26  Drone  
  17  1:29  Drone  
  19  1:42  Overlord  
  19  1:58  Queen  
  21  2:03  Metabolic Boost, Zergling x4  
  21  2:08  Queen  
  25  2:11  Drone  
  26  2:16  Drone  
  26  2:18  Drone  
  26  2:22  Drone  
  29  2:32  Extractor  
  28  2:38  Drone x2  
  28  2:42  Drone, Roach Warren  
  30  2:51  Drone  
  30  2:52  Drone  
  32  2:59  Drone  
  32  3:03  Overlord  
  33  3:14  Overlord  
  37  3:27  Roach x5  
  37  3:32  Roach x2  
  47  3:45  Overlord  
  47  3:46  Overlord  
  47  3:47  Overlord  
  47  3:49  Zergling x2  
  47  3:54  Zergling x4  
  47  3:55  Zergling x2  
  51  4:00  Zergling x2  
  51  4:12  Ravager x4  
  51  4:13  Ravager  
  51  4:14  Zergling x8  
  51  4:17  Zergling x2  
  59  4:32  Drone x4  
  58  4:45  Ravager  
  41  5:05  Queen  
  41  5:06  Queen  
  37  5:08  Spore Crawler x2  
  37  5:13  Spore Crawler, Drone  
  37  5:14  Drone x2  
  37  5:16  Zergling x2  
  39  5:33  Roach x2  
  42  5:44  Lair  
  42  5:46  Drone x3  
  42  5:47  Drone  
  42  5:48  Drone x2  
  42  5:49  Hatchery  
  47  5:52  Roach  
  47  5:53  Roach  
  50  6:03  Drone  
  51  6:10  Queen  
  53  6:12  Drone x3  
  53  6:18  Drone x2  
  58  6:19  Drone, Evolution Chamber  
  58  6:20  Evolution Chamber  
  58  6:21  Extractor  
  54  6:42  Glial Reconstitution  
  54  6:44  Roach x5  
  54  6:45  Roach x2  
  68  6:57  Hatchery  
  68  7:00  Zerg Missile Weapons Level 1  
  68  7:09  Roach x4  
  68  7:11  Overlord  
  76  7:29  Overlord x2  
  76  7:32  Zerg Ground Armor Level 1, Drone  
  76  7:33  Drone  
  76  7:35  Overlord  
  76  8:16  Roach x7  
  90  8:20  Roach  
  90  8:23  Extractor  
  91  8:33  Queen  
  93  8:39  Roach x2  
  93  8:40  Overlord  
  97  9:03  Roach x3  
  97  9:05  Overlord x2  
  103  9:12  Hatchery  
  102  9:30  Ravager  
  54  9:52  Hydralisk Den  
  47  9:54  Drone x4  
  49  10:00  Drone x4  
  49  10:02  Roach x3, Extractor  
  49  10:03  Roach x3  
  49  10:06  Overseer  
  66  10:30  Spore Crawler  
  66  10:32  Spore Crawler  
Tags
 
Add a new tag
Caveats
  • Supply blocks, unpowered buildings, or Contaminate may cause inaccurate times.
  • Supply counts are checked every 10 seconds.